 Dungeon Crawl Stone Soup version 0.26.1-11-gd32895ea62 (webtiles) character file.

Game seed: 1654344599521683589

181 Uzeprotekshun the Magician (level 5, -1/31 HPs)
             Began as an Octopode Hedge Wizard on Apr 17, 2021.
             Slain by an orc
             ... wielding a +3 whip
              (4 damage)
             ... on level 3 of the Dungeon on Apr 20, 2021.
             The game lasted 00:12:34 (3238 turns).

Uzeprotekshun the Magician (Octopode Hedge Wizard)  Turns: 3238, Time: 00:12:35

Health: -1/31      AC:  1    Str:  9    XL:     5   Next: 61%
Magic:  3/10       EV: 13    Int: 18    God:
Gold:   93         SH:  0    Dex: 11    Spells: 2/11 levels left

rFire    . . .     SeeInvis .   j - +2 hand axe (drain)
rCold    . . .     Faith    .   (no shield)
rNeg     . . .     Spirit   .   b - +0 hat
rPois    .         Reflect  .   (no amulet)
rElec    .         Harm     .   k - ring of stealth
rCorr    .         Rampage  .   (no ring)
Will     .....                  (no ring)
Stlth    ++++......             (no ring)
HPRegen  0.10/turn              (no ring)
MPRegen  0.12/turn              (no ring)
                                (no ring)
                                (no ring)

@: hasted, very quick
A: almost no armour, stealthy swim, amphibious, 8 rings, constrict 8, camouflage
1, gelatinous body 1
a: no special abilities


You were on level 3 of the Dungeon.
You visited 1 branch of the dungeon, and saw 3 of its levels.

You collected 93 gold pieces.

Inventory:

Hand Weapons
 a - a +0 dagger
 d - a +0 hunting sling
 j - a +2 hand axe of draining (weapon)
Armour
 b - a +0 hat (worn)
Jewellery
 k - a ring of stealth (left tentacle)
Scrolls
 f - a scroll of amnesia {unknown}
 h - a scroll of fear {unknown}
 i - a scroll of remove curse {unknown}
 l - a scroll of random uselessness {unknown}
 m - 2 scrolls of identify {unknown}
 n - 2 scrolls of magic mapping {unknown}
Potions
 c - a potion of attraction {unknown}
 e - a potion of haste
 g - a potion of invisibility {unknown}


   Skills:
 - Level 2.0 Dodging
 - Level 2.6 Stealth
 - Level 3.5 Spellcasting
 - Level 2.6 Conjurations
 - Level 1.0 Summonings
 - Level 1.0 Translocations
 + Level 2.1 Fire Magic
 + Level 2.0 Air Magic
 + Level 2.5 Poison Magic


You had 2 spell levels left.
You knew the following spells:

 Your Spells              Type           Power        Failure   Level
a - Magic Dart            Conj           48%          5%          1
b - Blink                 Tloc           N/A          16%         2
c - Conjure Flame         Conj/Fire      11%          17%         3
d - Mephitic Cloud        Conj/Pois/Air  11%          17%         3

Your spell library contained the following spells:

 Spells                   Type           Power        Failure   Level
 Call Imp                 Summ           6%           16%         2
 Slow                     Hex            3%           24%         2


Dungeon Overview and Level Annotations

Branches:
Dungeon (3/15)

Altars:


Innate Abilities, Weirdness & Mutations

You cannot wear most types of armour.
You are very stealthy in the water. (Stealth+)
You are amphibious.
You can wear up to eight rings at the same time.
You can use your tentacles to constrict eight enemies at once.
Your skin changes colour to match your surroundings (Stealth+).
Your rubbery body absorbs attacks. (AC +1, EV +1)


Message History

You hit the giant cockroach. Your grab misses the giant cockroach.
The giant cockroach is severely wounded.
The giant cockroach bites you but does no damage.
The giant cockroach closely misses you.
Unknown command.
You hit the giant cockroach.
You kill the giant cockroach!
You closely miss the orc. Your grab misses the orc.
The orc hits you with a +3 whip.
* * * LOW HITPOINT WARNING * * *
Unknown command.
You hit the orc but do no damage. You drain the orc. Your grab misses the orc.
The orc is heavily wounded.
The orc closely misses you.
Unknown command.
Unknown command.
Unknown command.
It was a potion of haste.
You feel yourself speed up. The orc hits you with a +3 whip.
You die...

#......###...#.)....
#......# #.(.+.)....
#......# #...#......
##)#.#.###.#.#.#####
#.#.#..............
#.#.#########.#####
#.#...........#
#.#############
#.@or......
#.###...... #.#
..... ### .... ...
.. .


You could see an orc (drained) and a rat.

Vanquished Creatures
  An orc priest (D:3)
  An orc wizard (D:3)
  5 adders
  A gnoll (D:1)
  3 leopard geckos (D:1)
  7 orcs (D:3)
  8 bats
  6 giant cockroaches
  8 hobgoblins
  3 kobolds
  A quokka (D:2)
  9 frilled lizards
  4 goblins
  8 rats
65 creatures vanquished.

Notes
Turn   | Place    | Note
-------+----------+-------------------------------------------
     0 | D:1      | Uzeprotekshun the Octopode Hedge Wizard began the quest for
                  | the Orb.
     0 | D:1      | Reached XP level 1. HP: 11/11 MP: 4/4
   285 | D:1      | Reached XP level 2. HP: 10/17 MP: 4/6
   631 | D:1      | Learned a level 2 spell: Blink
   648 | D:1      | Reached XP level 3. HP: 8/21 MP: 0/8
  1375 | D:1      | Learned a level 3 spell: Conjure Flame
  1379 | D:1      | Learned a level 3 spell: Mephitic Cloud
  1948 | D:2      | Reached XP level 4. HP: 27/27 MP: 6/9
  2065 | D:2      | Reached skill level 1 in Poison Magic
  2166 | D:2      | Reached skill level 1 in Fire Magic
  2427 | D:2      | Reached skill level 1 in Air Magic
  3017 | D:3      | Reached XP level 5. HP: 16/31 MP: 8/10
  3238 | D:3      | Slain by an orc

Illustrated notes

Levels and vault maps discovered:
D:1:      dpeg_arrival_morbid_curiosity, layout_loops_ring,
          roderic_serpentine_path, minmay_tromino_i2
D:2:      layout_basic, grunt_decor_junction
D:3:      cheibrodos_greedy_goblins, layout_basic

Skill      XL: |  1  2  3  4  5 |
---------------+----------------+-----
Conjurations   | 2 |  2.6
Poison Magic   | 1 2 |  2.5
Fire Magic     | 1 2 |  2.1
Air Magic      | 1 2 |  2.0
Dodging        | |  2.0
Stealth        | |  2.6
Spellcasting   | |  3.5
Summonings     | |  1.0
Translocations | |  1.0

Action                   |  1- 3 |  4- 6 || total
-------------------------+-------+-------++-------
Melee: Dagger            |    13 |     7 ||    20
       Tentacles         |     3 |     2 ||     5
       Constrict         |     4 |     7 ||    11
       Hand axe          |       |    37 ||    37
 Cast: Magic Dart        |    76 |    53 ||   129
  Use: Potion            |       |     1 ||     1
 Stab: Sleeping          |     1 |       ||     1
Armor: Skin              |     3 |     1 ||     4
Dodge: Dodged            |    28 |    33 ||    61
